 Dungeon Crawl Stone Soup version 0.21.1-1-g345015f (webtiles) character file.

520 peteyfrogboy the Shield-Bearer (level 7, -19/43 HPs)
             Began as a Gargoyle Fighter on Feb 26, 2018.
             Demolished by an ogre
             ... wielding a +0 giant club
              (28 damage)
             ... on level 4 of the Dungeon.
             The game lasted 00:05:05 (2843 turns).

peteyfrogboy the Shield-Bearer (Gargoyle Fighter)   Turns: 2843, Time: 00:05:06

Health: -19/43     AC: 15    Str: 22    XL:     7   Next: 21%
Magic:  7/7        EV:  8    Int:  8    God:
Gold:   123        SH: 10    Dex:  9    Spells: 6/6 levels left

rFire    . . .     SeeInvis .   a - +0 trident
rCold    . . .     Gourm    .   c - +0 shield
rNeg     + . .     Faith    .   b - +0 scale mail
rPois    ∞         Spirit   .   g - +0 helmet
rElec    +         Reflect  .   (no cloak)
rCorr    .         Harm     +   (no gloves)
MR       .....                  o - +1 pair of boots
Stlth    ..........             m - amulet of harm
HPRegen  0.14/turn              (no ring)
MPRegen  0.10/turn              (no ring)

@: no status effects
A: negative energy resistance 1, electricity resistance, unbreathing,
petrification resistance, rot immunity, AC +4
a: no special abilities


You were on level 4 of the Dungeon.
You were not hungry.

You visited 1 branch of the dungeon, and saw 4 of its levels.

You collected 123 gold pieces.

Inventory:

Hand Weapons
 a - a +0 trident (weapon)
Armour
 b - a +0 scale mail (worn)
 c - a +0 shield (worn)
 g - a +0 helmet (worn)
 o - a +1 pair of boots (worn)
Jewellery
 i - an uncursed ring of wizardry {unknown}
 m - an amulet of harm (around neck)
Scrolls
 e - 2 scrolls of teleportation {unknown}
 h - a scroll of random uselessness {unknown}
 k - a scroll of enchant weapon {unknown}
 l - a scroll of fear {unknown}
Potions
 d - a potion of might
 j - 2 potions of flight
Comestibles
 f - 4 rations
 n - a chunk of flesh


   Skills:
 + Level 4.1 Fighting
 + Level 4.0 Polearms
 + Level 4.8 Armour
 + Level 2.0 Dodging
 + Level 0.3 Stealth
 + Level 5.2 Shields


You had 6 spell levels left.
You didn't know any spells.

Dungeon Overview and Level Annotations

Branches:
Dungeon (4/15)
 Temple: D:4-7

Altars:
Dithmenos
Xom
Zin


Innate Abilities, Weirdness & Mutations

You are resistant to torment.
Your stone body is resilient. (AC +4)
You are immune to poison.
You resist negative energy. (rN+)
You are resistant to electric shocks. (rElec)
You can survive without breathing.
You are immune to petrification.
You are immune to rotting.


Message History

You climb downwards.
There is a stone staircase leading up here.
An ogre comes into view. It is wielding a giant club.
The ogre shouts!
An ogre comes into view. It is wielding a giant club.
The ogre barely misses you.
You barely miss the ogre. The ogre hits you but does no damage.
You hit the ogre but do no damage. The ogre hits you with a giant club!
You open the door.
There is an open door here.
You hit the ogre but do no damage. You block the ogre's attack.
You hit the ogre.
The ogre is lightly wounded.
The ogre hits you with a giant club!
* * * LOW HITPOINT WARNING * * *
You hit the ogre but do no damage.
The ogre is lightly wounded.
The ogre hits you with a giant club!!
Ouch! That really hurt!
You die...

#.. #..
..#################
#.................
#...............#.
#...............#.
#...............#.
#########@..............#.
#.......O#######....<.###.
#......#O......#......#...
#......#.......#......#...
#......#.......#......#...
#......'.......#......#...
#......#.......+......#...
#......####+####......####
#............. ..######


You could see 2 ogres.

Vanquished Creatures
  The ghost of giantbat the Insei, an amateur HuMo (D:3)
  5 wights (D:2)
  2 worker ants (D:3)
  7 adders
  An ooze (D:3)
  2 worms
  2 dart slugs
  3 leopard geckos (D:1)
  An orc (D:3)
  3 giant cockroaches (D:2)
  8 goblins
  4 hobgoblins (D:1)
  3 jackals (D:2)
  5 kobolds
  A quokka (D:3)
  A ball python (D:1)
  7 bats
  2 frilled lizards
  6 rats
64 creatures vanquished.

Notes
Turn   | Place    | Note
-------+----------+-------------------------------------------
     0 | D:1      | peteyfrogboy the Gargoyle Fighter began the quest for the Orb.
     0 | D:1      | Reached XP level 1. HP: 14/14 MP: 1/1
   316 | D:1      | Reached XP level 2. HP: 19/19 MP: 2/2
   913 | D:2      | Reached XP level 3. HP: 13/24 MP: 3/3
  1118 | D:2      | Reached skill level 4 in Shields
  1201 | D:2      | Found a faded altar of an unknown god.
  1282 | D:2      | Reached XP level 4. HP: 24/29 MP: 4/4
  1414 | D:2      | Reached skill level 1 in Dodging
  1425 | D:2      | Reached XP level 5. HP: 18/33 MP: 5/5
  1440 | D:2      | Reached XP level 6. HP: 9/38 MP: 6/6
  1813 | D:2      | Found a shimmering altar of Xom.
  1968 | D:3      | Noticed giantbat's ghost (amateur HuMo)
  2014 | D:3      | Killed giantbat's ghost
  2014 | D:3      | Reached skill level 5 in Shields
  2026 | D:3      | Reached XP level 7. HP: 11/43 MP: 7/7
  2306 | D:3      | Found a glowing silver altar of Zin.
  2540 | D:3      | Found a shadowy altar of Dithmenos.
  2843 | D:4      | Demolished by an ogre

Skill      XL: |  1  2  3  4  5  6  7 |
---------------+----------------------+-----
Polearms       | 2 3 4 |  4.0
Shields        | 4 5 |  5.2
Dodging        | 1 2 |  2.0
Armour         | 4 |  4.8
Fighting       | 4 |  4.1
Stealth        | |  0.3

Action                   |  1- 3 |  4- 6 |  7- 9 || total
-------------------------+-------+-------+-------++-------
Melee: Trident           |   130 |   112 |    65 ||   307
  Use: Potion            |     3 |     1 |       ||     4
       Scroll            |     2 |       |       ||     2
  Eat: Chunk             |     1 |     3 |     3 ||     7
Armor: Scale mail        |    83 |    40 |    24 ||   147
Dodge: Dodged            |    48 |    23 |    14 ||    85
Block: Shield            |    76 |    43 |    25 ||   144
